AoeStats
← back

Arabia

503166312Analyzed
1v1 RM · 4d ago on Aug 30, 2026· 23m 28s· 2 players
Game mode
Random Map
Map size
Tiny (2 player)
Population
200
Speed
Normal
Resources
Standard
Victory
Conquest
Starting age
Dark Age
Ending age
Imperial Age
RankedLock teamsTeams togetherTeam positionsShared explorationLock speedFull tech treeHidden civsTurbo modeCheats
Victory
Defeat
🇿🇦 Magyars · South Africa
867
+17
🇦🇷 Cumans · Argentina
879
-17
SkyWard_12
7:05 Loom
9:29 Feudal Age
10:07 Double-Bit Axe
15:05 Bloodlines
19:18 Wheelbarrow
22:03 Castle Age
23:13 Husbandry
vinualec
6:45 Loom
11:30 Feudal Age
23:11 Fletching
Connection lost

Rejoining the realm…

Still unreachable

The connection could not be restored.

Session expired

The server has moved on; the page needs a fresh start.